[ AOE2 MATCH · #495954208 ]
UnrankedMalians vs Malay
Player's team · WIN
Rival team · LOSS
[ REPLAY ANALYSIS · EXTRACTED FROM THE RECORDED GAME ]
Feudal
9:16
Castle
20:27
Imperial
35:44
| APM avg | 36.9 |
| APM peak | 74 |
| eAPM avg | 22.8 |
| Villagers / military | 150 / 94 |
Focus
⚔️ 26.6% · 🌾 73.4%
Knight ×66 · Scorpion ×7 · Archer ×5 · Monk ×4 · Militia ×3 · Spearman ×3
Feudal
9:04
Castle
21:34
Imperial
36:58
| APM avg | 59.2 |
| APM peak | 98 |
| eAPM avg | 24.2 |
| Villagers / military | 155 / 120 |
Focus
⚔️ 36.4% · 🌾 63.6%
Archer ×52 · Battle Elephant ×44 · Karambit Warrior ×7 · Skirmisher ×6 · Trebuchet (Packed) ×6 · Scout Cavalry ×3
Match map
Initial resources + every placement click. Lines = walls · curves = elevation contours. ◆ gold · ⬟ stone · ● berries · ✦ relic · ◌ wall gap
Your base· ✓ Closed at 20:27 · 29t walls · no gate
Fs.Carniça's base· Open — opponent sealed themselves in
Smoothed initial terrain · ◌ = detected wall gap · hover for details
Inputs per minute
— Sportfan - - Fs.Carniça
Build order — Sportfan
First 150 of 408 actions detected
| 0:00 | Create | Villager (Male) |
| 0:01 | Create | Villager (Male) |
| 0:01 | Create | Villager (Male) |
| 0:02 | Build | House |
| 0:03 | Build | House |
| 0:08 | Create | Villager (Male) |
| 0:08 | Create | Villager (Male) |
| 1:32 | Create | Villager (Male) |
| 1:32 | Create | Villager (Male) |
| 1:47 | Build | Lumber Camp |
| 1:57 | Create | Villager (Male) |
| 2:21 | Create | Villager (Male) |
| 2:51 | Create | Villager (Male) |
| 3:08 | Create | Villager (Male) |
| 3:24 | Build | House |
| 3:33 | Create | Villager (Male) |
| 4:01 | Create | Villager (Male) |
| 4:02 | Create | Villager (Male) |
| 4:31 | Create | Villager (Male) |
| 4:31 | Create | Villager (Male) |
| 5:12 | Create | Villager (Male) |
| 5:14 | Research | Loom |
| 5:25 | Build | Mill |
| 5:39 | Create | Villager (Male) |
| 5:40 | Research | Loom |
| 6:23 | Build | House |
| 6:52 | Research | Feudal Age |
| 7:03 | Build | Barracks |
| 8:01 | Create | Villager (Male) |
| 8:09 | Build | Mining Camp |
| 8:21 | Create | Militia |
| 8:21 | Create | Militia |
| 8:21 | Create | Militia |
| 8:48 | Build | House |
| 9:16 | Age | Feudal Age |
| 9:34 | Research | Double-Bit Axe |
| 9:35 | Create | Villager (Male) |
| 9:36 | Research | Horse Collar |
| 9:40 | Build | Farm |
| 9:49 | Create | Villager (Male) |
| 10:10 | Build | Archery Range |
| 10:21 | Build | Farm |
| 10:35 | Build | Lumber Camp |
| 10:35 | Create | Villager (Male) |
| 10:43 | Build | House |
| 10:44 | Build | Palisade Wall |
| 10:52 | Create | Villager (Male) |
| 11:05 | Create | Spearman |
| 11:23 | Build | House |
| 11:25 | Build | Palisade Wall |
| 11:34 | Create | Villager (Male) |
| 11:45 | Create | Villager (Male) |
| 11:51 | Build | Blacksmith |
| 11:52 | Build | Palisade Wall |
| 12:05 | Create | Villager (Male) |
| 12:07 | Build | Farm |
| 12:09 | Build | Mill |
| 12:20 | Create | Spearman |
| 12:30 | Build | Farm |
| 12:39 | Create | Villager (Male) |
| 12:51 | Create | Archer |
| 12:52 | Create | Archer |
| 12:52 | Create | Archer |
| 13:04 | Build | Farm |
| 13:05 | Build | Farm |
| 13:05 | Create | Villager (Male) |
| 13:14 | Build | House |
| 13:14 | Build | House |
| 13:16 | Build | House |
| 13:19 | Create | Villager (Male) |
| 13:25 | Build | Palisade Wall |
| 13:31 | Create | Spearman |
| 13:38 | Create | Villager (Male) |
| 13:41 | Build | Farm |
| 13:42 | Build | Farm |
| 13:49 | Create | Archer |
| 13:55 | Research | Fletching |
| 14:11 | Build | Palisade Wall |
| 14:17 | Create | Villager (Male) |
| 14:30 | Build | Farm |
| 14:30 | Build | Farm |
| 14:37 | Create | Villager (Male) |
| 15:04 | Create | Villager (Male) |
| 15:18 | Build | Market |
| 15:22 | Create | Villager (Male) |
| 15:31 | Build | Farm |
| 15:31 | Build | Farm |
| 15:41 | Create | Villager (Male) |
| 15:56 | Create | Villager (Male) |
| 16:02 | Build | Farm |
| 16:24 | Build | Farm |
| 16:46 | Create | Villager (Male) |
| 16:50 | Build | Farm |
| 17:10 | Create | Villager (Male) |
| 17:47 | Research | Castle Age |
| 18:37 | Research | Scale Mail Armor |
| 18:56 | Build | Stable |
| 19:02 | Build | Stable |
| 19:18 | Research | Scale Barding Armor |
| 19:18 | Research | Scale Barding Armor |
| 19:35 | Create | Villager (Male) |
| 19:39 | Research | Forging |
| 20:27 | Age | Castle Age |
| 20:29 | Create | Knight |
| 20:29 | Create | Knight |
| 20:30 | Research | Bow Saw |
| 20:32 | Create | Villager (Male) |
| 20:41 | Build | Town Center |
| 20:53 | Build | Town Center |
| 20:57 | Create | Knight |
| 20:57 | Create | Knight |
| 21:05 | Create | Villager (Male) |
| 21:25 | Research | Heavy Plow |
| 21:25 | Research | Gold Mining |
| 21:26 | Create | Villager (Male) |
| 21:29 | Build | Monastery |
| 21:41 | Create | Villager (Male) |
| 21:41 | Create | Villager (Male) |
| 21:48 | Build | House |
| 21:51 | Create | Knight |
| 22:10 | Create | Knight |
| 22:11 | Create | Knight |
| 22:15 | Build | Farm |
| 22:16 | Create | Monk |
| 22:20 | Build | Farm |
| 22:21 | Create | Monk |
| 22:26 | Create | Villager (Male) |
| 22:26 | Create | Villager (Male) |
| 22:39 | Create | Archer |
| 22:39 | Create | Villager (Male) |
| 22:40 | Create | Villager (Male) |
| 22:42 | Build | House |
| 22:44 | Build | Mining Camp |
| 22:58 | Create | Villager (Male) |
| 23:09 | Create | Villager (Male) |
| 23:09 | Create | Villager (Male) |
| 23:12 | Build | Farm |
| 23:16 | Build | House |
| 23:27 | Create | Villager (Male) |
| 23:27 | Create | Villager (Male) |
| 23:30 | Build | Siege Workshop |
| 23:34 | Create | Villager (Male) |
| 23:34 | Create | Villager (Male) |
| 23:37 | Build | Farm |
| 23:39 | Build | Farm |
| 23:46 | Build | Farm |
| 23:57 | Research | Wheelbarrow |
| 24:18 | Build | Farm |
| 24:22 | Research | Chain Barding Armor |
| 24:24 | Build | Lumber Camp |
Build order — Fs.Carniça
First 150 of 403 actions detected
| 0:00 | Create | Villager (Male) |
| 0:01 | Create | Villager (Male) |
| 0:01 | Create | Villager (Male) |
| 0:02 | Build | House |
| 0:03 | Build | House |
| 0:16 | Create | Villager (Male) |
| 0:16 | Create | Villager (Male) |
| 1:36 | Create | Villager (Male) |
| 1:53 | Create | Villager (Male) |
| 1:58 | Build | Lumber Camp |
| 2:21 | Create | Villager (Male) |
| 2:21 | Create | Villager (Male) |
| 2:51 | Create | Villager (Male) |
| 3:06 | Create | Villager (Male) |
| 3:06 | Create | Villager (Male) |
| 3:06 | Create | Villager (Male) |
| 3:28 | Build | House |
| 3:38 | Build | House |
| 3:39 | Build | House |
| 3:40 | Create | Villager (Male) |
| 4:04 | Create | Villager (Male) |
| 4:05 | Create | Villager (Male) |
| 4:21 | Build | Mill |
| 4:33 | Create | Villager (Male) |
| 4:51 | Create | Villager (Male) |
| 4:51 | Create | Villager (Male) |
| 5:16 | Create | Villager (Male) |
| 5:57 | Create | Villager (Male) |
| 6:08 | Create | Villager (Male) |
| 6:32 | Create | Villager (Male) |
| 7:08 | Research | Loom |
| 7:18 | Build | Barracks |
| 7:46 | Research | Feudal Age |
| 8:35 | Create | Villager (Male) |
| 8:55 | Create | Villager (Male) |
| 9:04 | Age | Feudal Age |
| 9:07 | Build | Stable |
| 9:09 | Research | Double-Bit Axe |
| 9:32 | Create | Villager (Male) |
| 9:41 | Build | House |
| 9:51 | Create | Scout Cavalry |
| 9:56 | Build | House |
| 9:57 | Create | Villager (Male) |
| 10:03 | Build | Lumber Camp |
| 10:05 | Create | Spearman |
| 10:09 | Build | House |
| 10:19 | Build | Palisade Gate |
| 10:24 | Build | House |
| 10:29 | Build | Palisade Wall |
| 10:35 | Create | Villager (Male) |
| 10:38 | Build | Palisade Wall |
| 10:41 | Build | Palisade Wall |
| 10:42 | Build | Palisade Wall |
| 10:44 | Build | Palisade Wall |
| 10:50 | Build | Palisade Wall |
| 11:07 | Create | Villager (Male) |
| 11:22 | Build | House |
| 11:24 | Build | Palisade Wall |
| 11:27 | Build | Palisade Wall |
| 11:42 | Create | Villager (Male) |
| 11:46 | Build | Mill |
| 11:53 | Create | Villager (Male) |
| 11:59 | Build | Archery Range |
| 12:20 | Build | Palisade Wall |
| 12:27 | Build | Palisade Wall |
| 12:31 | Create | Villager (Male) |
| 12:41 | Build | House |
| 12:54 | Build | Palisade Gate |
| 12:57 | Build | House |
| 13:06 | Build | Farm |
| 13:08 | Build | Farm |
| 13:08 | Create | Archer |
| 13:12 | Create | Villager (Male) |
| 13:18 | Build | Farm |
| 13:22 | Build | House |
| 13:26 | Build | Palisade Wall |
| 13:27 | Build | Palisade Wall |
| 13:32 | Build | Farm |
| 13:37 | Create | Villager (Male) |
| 13:46 | Build | Farm |
| 13:49 | Build | Farm |
| 13:58 | Build | Palisade Wall |
| 13:59 | Create | Villager (Male) |
| 14:11 | Build | Farm |
| 14:12 | Create | Villager (Male) |
| 14:19 | Research | Horse Collar |
| 14:19 | Research | Horse Collar |
| 14:22 | Build | Farm |
| 14:29 | Create | Villager (Male) |
| 14:32 | Build | Farm |
| 14:49 | Create | Villager (Male) |
| 15:09 | Create | Villager (Male) |
| 15:14 | Build | Mining Camp |
| 15:24 | Create | Skirmisher |
| 15:35 | Create | Villager (Male) |
| 15:37 | Create | Villager (Male) |
| 15:43 | Create | Villager (Male) |
| 15:46 | Build | Farm |
| 15:48 | Build | Farm |
| 15:59 | Create | Skirmisher |
| 16:05 | Create | Villager (Male) |
| 16:26 | Create | Villager (Male) |
| 16:31 | Create | Skirmisher |
| 16:35 | Build | Blacksmith |
| 16:42 | Create | Villager (Male) |
| 17:26 | Create | Skirmisher |
| 17:36 | Create | Villager (Male) |
| 17:39 | Build | House |
| 17:46 | Build | Farm |
| 17:47 | Build | Farm |
| 17:48 | Build | Farm |
| 18:13 | Create | Skirmisher |
| 18:14 | Create | Villager (Male) |
| 18:17 | Research | Fletching |
| 18:31 | Create | Villager (Male) |
| 18:48 | Create | Villager (Male) |
| 18:55 | Create | Skirmisher |
| 18:56 | Create | Villager (Male) |
| 19:11 | Create | Villager (Male) |
| 19:17 | Create | Archer |
| 19:21 | Build | Farm |
| 19:58 | Research | Castle Age |
| 20:03 | Build | Archery Range |
| 20:05 | Create | Archer |
| 20:05 | Create | Archer |
| 20:18 | Create | Archer |
| 20:31 | Build | House |
| 20:35 | Build | House |
| 20:36 | Build | House |
| 20:37 | Create | Archer |
| 20:37 | Create | Archer |
| 20:38 | Create | Archer |
| 20:45 | Build | House |
| 20:59 | Create | Archer |
| 21:11 | Build | Farm |
| 21:11 | Build | Farm |
| 21:12 | Build | Farm |
| 21:27 | Create | Archer |
| 21:34 | Age | Castle Age |
| 21:37 | Research | Crossbowman (upgrade) |
| 21:41 | Research | Bodkin Arrow |
| 21:42 | Create | Villager (Male) |
| 21:45 | Build | University |
| 21:47 | Build | Town Center |
| 21:55 | Build | House |
| 21:56 | Create | Archer |
| 22:06 | Create | Archer |
| 22:07 | Create | Villager (Male) |
| 22:08 | Create | Villager (Male) |
| 22:29 | Build | House |
Match timeline
| 7:03 | Sportfan · first_building Barracks |
| 7:18 | Fs.Carniça · first_building Barracks |
| 9:04 | Fs.Carniça · age_up feudal |
| 9:07 | Fs.Carniça · first_building Stable |
| 9:16 | Sportfan · age_up feudal |
| 10:10 | Sportfan · first_building Archery Range |
| 10:29 | Fs.Carniça · wall_segment Palisade Wall x1 |
| 10:38 | Fs.Carniça · wall_segment Palisade Wall x6 |
| 10:41 | Fs.Carniça · wall_segment Palisade Wall x1 |
| 10:42 | Fs.Carniça · wall_segment Palisade Wall x1 |
| 10:44 | Fs.Carniça · wall_segment Palisade Wall x1 |
| 10:44 | Sportfan · wall_segment Palisade Wall x5 |
| 10:50 | Fs.Carniça · wall_segment Palisade Wall x1 |
| 11:24 | Fs.Carniça · wall_segment Palisade Wall x1 |
| 11:25 | Sportfan · wall_segment Palisade Wall x5 |
| 11:27 | Fs.Carniça · wall_segment Palisade Wall x1 |
| 11:52 | Sportfan · wall_segment Palisade Wall x4 |
| 11:59 | Fs.Carniça · first_building Archery Range |
| 12:20 | Fs.Carniça · wall_segment Palisade Wall x1 |
| 12:27 | Fs.Carniça · wall_segment Palisade Wall x10 |
| 13:25 | Sportfan · wall_segment Palisade Wall x5 |
| 13:26 | Fs.Carniça · wall_segment Palisade Wall x14 |
| 13:27 | Fs.Carniça · wall_segment Palisade Wall x8 |
| 13:58 | Fs.Carniça · wall_segment Palisade Wall x13 |
| 14:11 | Sportfan · wall_segment Palisade Wall x10 |
| 16:42 | Sportfan · first_market_sell 100 wood |
| 16:43 | Sportfan · first_market_buy 100 food |
| 18:56 | Sportfan · first_building Stable |
| 20:27 | Sportfan · age_up castle |
| 21:29 | Sportfan · first_building Monastery |
| 21:34 | Fs.Carniça · age_up castle |
| 22:35 | Fs.Carniça · first_building Monastery |
| 23:30 | Sportfan · first_building Siege Workshop |
| 30:06 | Sportfan · first_building Castle |
| 31:38 | Fs.Carniça · first_building Castle |
| 34:44 | Fs.Carniça · first_market_sell 100 wood |
| 35:44 | Sportfan · age_up imperial |
| 36:58 | Fs.Carniça · age_up imperial |
| 37:00 | Fs.Carniça · first_market_buy 100 wood |
| 40:26 | Fs.Carniça · resign |
[ AI ANALYSIS · 1 CREDIT ]
What really happened in this match?
Wolo.gg analyzes every decision: build order, eco, micro, common mistakes by bracket. Personalized analysis on WhatsApp or Discord in 30 seconds.
Civ guide
Malians
Perfil
Jugador #2268330